TOP OF THE 1ST |
Cape Cod Clams batting - Pitching for Portland Privateers : RHP Tom Clement
|
Pitching: RHP Tom Clement
|
|
Batting: RHB Max Jones
|
0-0: Foul Ball, location: 2F 0-1: Ball 1-1: Ball 2-1: SOLO HOME RUN (Flyball, 78XD), Distance : 402 ft
|
Batting: RHB Gerald Burnett
|
0-0: Ball 1-0: Called Strike 1-1: SINGLE (Groundball, 6MD)
|
Batting: LHB Sixto Cantú
|
0-0: Ball 1-0: Ball 2-0: Ball 3-0: Called Strike 3-1: Foul Ball, location: 2F 3-2: Foul Ball, location: 2F 3-2: SINGLE (Line Drive, 9S) Gerald Burnett to second
|
Batting: RHB Carlos García
|
0-0: Ball 1-0: Foul Ball, location: 2F 1-1: Foul Ball, location: 2F 1-2: Foul Ball, location: 2F 1-2: Fly out, F6 (Popup, 6D)
|
Pitching: LHP Alfredo González
|
|
Batting: SHB Ed Dale
|
0-0: Ball 1-0: Foul Ball, location: 2F 1-1: 3-RUN HOME RUN (Flyball, 78XD), Distance : 403 ft
|
Batting: RHB Marcos Castillo
|
0-0: Ball 1-0: Foul Ball, location: 2F 1-1: SINGLE (Line Drive, 9S)
|
Batting: RHB Yasuhiro Kobayashi
|
0-0: Foul Ball, location: 2F 0-1: Ball 1-1: Called Strike 1-2: Ball 2-2: Fly out, F9 (Flyball, 9LM)
|
Batting: RHB António Magana
|
0-0: Ball 1-0: Ball 2-0: 2-RUN HOME RUN (Flyball, 7D), Distance : 365 ft
|
Batting: RHB Vern Carlton
|
0-0: Called Strike 0-1: Ball 1-1: Ball 2-1: Ball 3-1: Called Strike 3-2: Strikes out looking
|
Top of the 1st over - 6 run(s), 6 hit(s), 0 error(s), 0 left on base; Cape Cod 6 - Portland 0 |
BOTTOM OF THE 1ST |
Portland Privateers batting - Pitching for Cape Cod Clams : RHP Alberto Parra
|
Pitching: RHP Alberto Parra
|
|
Batting: RHB Luis Pineda
|
0-0: Called Strike 0-1: Swinging Strike 0-2: Foul Ball, location: 2F 0-2: Ball 1-2: Strikes out swinging
|
Batting: RHB Carlos Castro
|
0-0: Fly out, F9 (Line Drive, 9LS)
|
Batting: RHB José Balina
|
0-0: Ball 1-0: Ball 2-0: Swinging Strike 2-1: Fly out, F9 (Flyball, 9LSF)
|
Bottom of the 1st over - 0 run(s), 0 hit(s), 0 error(s), 0 left on base; Cape Cod 6 - Portland 0 |
TOP OF THE 2ND |
Cape Cod Clams batting - Pitching for Portland Privateers : LHP Alfredo González
|
Pitching: LHP Timmy van de Broek
|
|
Batting: RHB Max Jones
|
0-0: Fly out, F9 (Line Drive, 89M)
|
Batting: RHB Gerald Burnett
|
0-0: Ball 1-0: Ball 2-0: Ball 3-0: Base on Balls
|
Batting: LHB Sixto Cantú
|
0-0: Foul Ball, location: 2F 0-1: Called Strike 0-2: Ball 1-2: Foul Ball, location: 2F 1-2: Ball 2-2: Foul Ball, location: 2F 2-2: Ball 3-2: Foul Ball, location: 2F 3-2: Base on Balls Gerald Burnett to second
|
Batting: RHB Carlos García
|
0-0: Called Strike 0-1: Foul Ball, location: 2F 0-2: Ball 1-2: Ball 2-2: Ball 3-2: Ground out 4-3 (Groundball, 4S) Gerald Burnett to third Sixto Cantú to second
|
Batting: SHB Ed Dale
|
0-0: Ball 1-0: Ball 2-0: Foul Ball, location: 2F 2-1: Ball 3-1: Base on Balls
|
Batting: RHB Marcos Castillo
|
0-0: Called Strike 0-1: Fielders Choice at 2nd, 6-4 (Groundball, 6)
|
Top of the 2nd over - 0 run(s), 0 hit(s), 0 error(s), 2 left on base; Cape Cod 6 - Portland 0 |
BOTTOM OF THE 2ND |
Portland Privateers batting - Pitching for Cape Cod Clams : RHP Alberto Parra
|
Batting: SHB Patrick Larson
|
0-0: Ball 1-0: Ball 2-0: Ball 3-0: Base on Balls
|
Batting: RHB Troy Lau
|
0-0: Ball 1-0: Ball 2-0: Swinging Strike 2-1: 2-RUN HOME RUN (Line Drive, 78XD), Distance : 407 ft
|
Batting: LHB Juan Acotia
|
0-0: Called Strike 0-1: Ball 1-1: Ball 2-1: Ball 3-1: Base on Balls
|
Batting: RHB Tomás Estrada
|
0-0: Called Strike 0-1: Foul Ball, location: 2F 0-2: Ball 1-2: Foul Ball, location: 2F 1-2: SINGLE (Groundball, 34D) Juan Acotia to second Runner from 2nd tries for 3rd, SAFE, no throw
|
Batting: LHB Yasuhiko Onodera
|
0-0: Called Strike 0-1: Swinging Strike 0-2: Ball 1-2: Foul Ball, location: 2F 1-2: Grounds into double play, 4-6-3 (Groundball, 4) Juan Acotia scores
|
Batting: LHB Pedro Padilla
|
0-0: Foul Ball, location: 2F 0-1: Swinging Strike 0-2: Ball 1-2: Ground out 5-3 (Groundball, 56)
|
Bottom of the 2nd over - 3 run(s), 2 hit(s), 0 error(s), 0 left on base; Cape Cod 6 - Portland 3 |
TOP OF THE 3RD |
Cape Cod Clams batting - Pitching for Portland Privateers : LHP Timmy van de Broek
|
Batting: RHB Yasuhiro Kobayashi
|
0-0: Ball 1-0: Called Strike 1-1: Swinging Strike 1-2: Ball 2-2: Ball 3-2: Foul Ball, location: 2F 3-2: Ground out 6-3 (Groundball, 56)
|
Batting: RHB António Magana
|
0-0: Hit by Pitch
|
Batting: RHB Vern Carlton
|
0-0: Ball 1-0: Fly out, F5 (Popup, 56)
|
Batting: RHB Max Jones
|
0-0: Ball 1-0: Foul Ball, location: 2F 1-1: Called Strike 1-2: Strikes out swinging
|
Top of the 3rd over - 0 run(s), 0 hit(s), 0 error(s), 1 left on base; Cape Cod 6 - Portland 3 |
BOTTOM OF THE 3RD |
Portland Privateers batting - Pitching for Cape Cod Clams : RHP Alberto Parra
|
Batting: RHB Luis Pineda
|
0-0: Fly out, F4 (Line Drive, 34)
|
Batting: RHB Carlos Castro
|
0-0: Called Strike 0-1: Swinging Strike 0-2: Ball 1-2: Fly out, F8 (Line Drive, 8RS)
|
Batting: RHB José Balina
|
0-0: Fly out, F9 (Line Drive, 9D)
|
Bottom of the 3rd over - 0 run(s), 0 hit(s), 0 error(s), 0 left on base; Cape Cod 6 - Portland 3 |
TOP OF THE 4TH |
Cape Cod Clams batting - Pitching for Portland Privateers : LHP Timmy van de Broek
|
Pitching: RHP Cade Baird
|
|
Batting: RHB Gerald Burnett
|
0-0: Ground out 4-3 (Groundball, 4)
|
Batting: LHB Sixto Cantú
|
0-0: Swinging Strike 0-1: Foul Ball, location: 2F 0-2: SINGLE (Line Drive, 5L)
|
Batting: RHB Carlos García
|
0-0: Called Strike Sixto Cantú steals 2nd base 0-1: Ball 1-1: Swinging Strike 1-2: 2-RUN HOME RUN (Flyball, 78XD), Distance : 410 ft
|
Batting: SHB Ed Dale
|
0-0: Ball 1-0: Ball 2-0: Foul Ball, location: 2F 2-1: Swinging Strike 2-2: Foul Ball, location: 2F 2-2: Strikes out swinging
|
Batting: RHB Marcos Castillo
|
0-0: Foul Ball, location: 2F 0-1: Foul Ball, location: 2F 0-2: Strikes out swinging
|
Top of the 4th over - 2 run(s), 2 hit(s), 0 error(s), 0 left on base; Cape Cod 8 - Portland 3 |
BOTTOM OF THE 4TH |
Portland Privateers batting - Pitching for Cape Cod Clams : RHP Alberto Parra
|
Batting: SHB Patrick Larson
|
0-0: Ball 1-0: Foul Ball, location: 2F 1-1: Ball 2-1: Called Strike 2-2: Reached via error on a dropped throw, E3
|
Batting: RHB Troy Lau
|
0-0: SINGLE (Groundball, 34D) Patrick Larson to second Runner from 2nd tries for 3rd, SAFE, no throw
|
Batting: LHB Juan Acotia
|
0-0: Swinging Strike 0-1: Reached on error, E1 (Groundball, 15) Patrick Larson scores Troy Lau to second
|
Batting: RHB Tomás Estrada
|
0-0: Called Strike 0-1: Fielders Choice at 2nd, 6-4 (Groundball, 56) Troy Lau to third
|
Batting: LHB Yasuhiko Onodera
|
0-0: Called Strike 0-1: Ball 1-1: Called Strike 1-2: Ball 2-2: Ball 3-2: Foul Ball, location: 2F 3-2: Base on Balls Tomás Estrada to second
|
Batting: LHB Pedro Padilla
|
0-0: Called Strike 0-1: Ball 1-1: Ball 2-1: Swinging Strike 2-2: Strikes out swinging
|
Batting: RHB Luis Pineda
|
0-0: Called Strike 0-1: Ball 1-1: Swinging Strike 1-2: Foul Ball, location: 2F 1-2: Ball 2-2: Ball 3-2: SINGLE (Line Drive, 8RS) Troy Lau scores Tomás Estrada to third Yasuhiko Onodera to second Tomás Estrada scores Yasuhiko Onodera to third
|
Batting: RHB Carlos Castro
|
0-0: Swinging Strike 0-1: Foul Ball, location: 2F 0-2: Ball 1-2: Ball 2-2: Ball 3-2: Ground out 4-3 (Groundball, 4M)
|
Bottom of the 4th over - 3 run(s), 2 hit(s), 2 error(s), 2 left on base; Cape Cod 8 - Portland 6 |
TOP OF THE 5TH |
Cape Cod Clams batting - Pitching for Portland Privateers : RHP Cade Baird
|
Batting: RHB Yasuhiro Kobayashi
|
0-0: SINGLE (Groundball, 6D)
|
Batting: RHB António Magana
|
0-0: Ball 1-0: Fly out, F7 (Line Drive, 7)
|
Batting: RHB Vern Carlton
|
0-0: Called Strike 0-1: Ball 1-1: SINGLE (Groundball, 6D) Yasuhiro Kobayashi to second
|
Batting: RHB Max Jones
|
0-0: Ball 1-0: Ball 2-0: Foul Ball, location: 2F 2-1: Foul Ball, location: 2F 2-2: Foul Ball, location: 2F 2-2: Ball 3-2: Foul Ball, location: 2F 3-2: Foul Ball, location: 2F 3-2: Base on Balls Yasuhiro Kobayashi to third Vern Carlton to second
|
Batting: RHB Gerald Burnett
|
0-0: Ball 1-0: SINGLE (Groundball, 34D) Yasuhiro Kobayashi scores Vern Carlton to third Max Jones to second Runner from 3rd tries for Home, throw and OUT!
|
Pitching: LHP Mike Campbell
|
|
Batting: LHB Sixto Cantú
|
0-0: Ball 1-0: Foul Ball, location: 2F 1-1: Called Strike 1-2: Ball 2-2: Strikes out swinging
|
Top of the 5th over - 1 run(s), 3 hit(s), 0 error(s), 2 left on base; Cape Cod 9 - Portland 6 |
BOTTOM OF THE 5TH |
Portland Privateers batting - Pitching for Cape Cod Clams : RHP Alberto Parra
|
Pitching: RHP Miguel Díaz
|
|
Batting: RHB José Balina
|
0-0: Ball 1-0: Ball 2-0: SINGLE (Groundball, 34D)
|
Batting: SHB Patrick Larson
|
0-0: Ball 1-0: Ball 2-0: Ball 3-0: Called Strike 3-1: Foul Ball, location: 2F 3-2: Ground out 6-3 (Groundball, 6) José Balina to second
|
Batting: RHB Troy Lau
|
0-0: Called Strike 0-1: Ball 1-1: Foul Ball, location: 2F 1-2: Strikes out swinging
|
Batting: LHB Juan Acotia
|
0-0: Called Strike 0-1: Foul Ball, location: 2F 0-2: Ball 1-2: Foul Ball, location: 2F 1-2: Ground out 4-3 (Groundball, 4)
|
Bottom of the 5th over - 0 run(s), 1 hit(s), 0 error(s), 1 left on base; Cape Cod 9 - Portland 6 |
TOP OF THE 6TH |
Cape Cod Clams batting - Pitching for Portland Privateers : LHP Mike Campbell
|
Batting: RHB Carlos García
|
0-0: Swinging Strike 0-1: Swinging Strike 0-2: Strikes out swinging
|
Batting: SHB Ed Dale
|
0-0: Ball 1-0: Swinging Strike 1-1: Called Strike 1-2: Strikes out looking
|
Batting: RHB Marcos Castillo
|
0-0: Ball 1-0: Ground out U3 (Groundball, 34S)
|
Top of the 6th over - 0 run(s), 0 hit(s), 0 error(s), 0 left on base; Cape Cod 9 - Portland 6 |
BOTTOM OF THE 6TH |
Portland Privateers batting - Pitching for Cape Cod Clams : RHP Miguel Díaz
|
Batting: RHB Tomás Estrada
|
0-0: Ball 1-0: Foul Ball, location: 2F 1-1: Called Strike 1-2: Ground out 5-3 (Groundball, 56)
|
Batting: LHB Yasuhiko Onodera
|
0-0: Ball 1-0: Swinging Strike 1-1: Ground out 4-3 (Groundball, 4)
|
Batting: LHB Pedro Padilla
|
0-0: Ball 1-0: Called Strike 1-1: Ball 2-1: Called Strike 2-2: Ball 3-2: SOLO HOME RUN (Flyball, 89XD), Distance : 396 ft
|
Batting: RHB Luis Pineda
|
0-0: Ball 1-0: Ball 2-0: Ball 3-0: Called Strike 3-1: Foul Ball, location: 2F 3-2: Foul Ball, location: 2F 3-2: Foul Ball, location: 2F 3-2: Foul Ball, location: 2F 3-2: Foul Ball, location: 2F 3-2: Base on Balls
|
Batting: RHB Carlos Castro
|
0-0: Ball 1-0: Called Strike 1-1: Ball 2-1: Fielders Choice at 2nd, 6-4 (Groundball, 6)
|
Bottom of the 6th over - 1 run(s), 1 hit(s), 0 error(s), 0 left on base; Cape Cod 9 - Portland 7 |
TOP OF THE 7TH |
Cape Cod Clams batting - Pitching for Portland Privateers : LHP Mike Campbell
|
Batting: RHB Yasuhiro Kobayashi
|
0-0: Ball 1-0: Foul Ball, location: 2F 1-1: Foul Ball, location: 2F 1-2: Fly out, F8 (Flyball, 8RM)
|
Batting: RHB António Magana
|
0-0: Ball 1-0: Foul Ball, location: 2F 1-1: Ball 2-1: Ball 3-1: Called Strike 3-2: Fly out, F7 (Line Drive, 7)
|
Batting: RHB Vern Carlton
|
0-0: Ball 1-0: Called Strike 1-1: Ball 2-1: Ground out 4-3 (Groundball, 4)
|
Top of the 7th over - 0 run(s), 0 hit(s), 0 error(s), 0 left on base; Cape Cod 9 - Portland 7 |
BOTTOM OF THE 7TH |
Portland Privateers batting - Pitching for Cape Cod Clams : RHP Miguel Díaz
|
Batting: RHB José Balina
|
0-0: Ball 1-0: Called Strike 1-1: Ball 2-1: Ball 3-1: Base on Balls
|
Batting: SHB Patrick Larson
|
0-0: Foul Ball, location: 2F 0-1: Called Strike 0-2: Ball 1-2: Ball Wild Pitch! José Balina to second 2-2: Fly out, F7 (Flyball, 7S)
|
Pitching: RHP Raúl Flores
|
|
Batting: RHB Troy Lau
|
0-0: Foul Ball, location: 2F 0-1: Ball 1-1: Called Strike 1-2: Foul Ball, location: 2F 1-2: Strikes out swinging
|
Pitching: LHP Javier Luna
|
|
Batting: LHB Juan Acotia
|
0-0: Ground out 5-3 (Groundball, 56S)
|
Bottom of the 7th over - 0 run(s), 0 hit(s), 0 error(s), 1 left on base; Cape Cod 9 - Portland 7 |
TOP OF THE 8TH |
Cape Cod Clams batting - Pitching for Portland Privateers : LHP Mike Campbell
|
Batting: RHB Max Jones
|
0-0: TRIPLE (Flyball, 78D)
|
Batting: RHB Gerald Burnett
|
0-0: Intentional Walk
|
Pinch Hitting: RHB Kenny Cole
|
0-0: Swinging Strike 0-1: Ball 1-1: Ball 2-1: Foul Ball, location: 2F 2-2: Ground out 6-3 (Groundball, 6) Gerald Burnett to second
|
Batting: RHB Carlos García
|
0-0: Intentional Walk
|
Pinch Hitting: RHB Andrew Good
|
0-0: Called Strike 0-1: Ball 1-1: Fly out, F3 (Popup, 3S)
|
Batting: RHB Marcos Castillo
|
0-0: Called Strike 0-1: Foul Ball, location: 2F 0-2: Foul Ball, location: 2F 0-2: Ball 1-2: Ball 2-2: Ball 3-2: DOUBLE (Line Drive, 7) Max Jones scores Gerald Burnett scores Carlos García to third Carlos García scores
|
Pitching: LHP Luke Brown
|
|
Batting: RHB Yasuhiro Kobayashi
|
0-0: Swinging Strike 0-1: Ball 1-1: SINGLE (Groundball, 56D) Marcos Castillo to third Runner from 3rd tries for Home, SAFE, no throw
|
Batting: RHB António Magana
|
0-0: Called Strike 0-1: Called Strike 0-2: Ball 1-2: Ball 2-2: Ball 3-2: Strikes out swinging
|
Top of the 8th over - 4 run(s), 3 hit(s), 0 error(s), 1 left on base; Cape Cod 13 - Portland 7 |
BOTTOM OF THE 8TH |
Portland Privateers batting - Pitching for Cape Cod Clams : LHP Javier Luna
|
Now at C: Andrew Good
|
|
Now at 3B: John Pick
|
|
Batting: RHB Tomás Estrada
|
0-0: Ball 1-0: Foul Ball, location: 2F 1-1: Foul Ball, location: 2F 1-2: Ball 2-2: DOUBLE (Line Drive, 8LXD)
|
Batting: LHB Yasuhiko Onodera
|
0-0: Called Strike 0-1: Swinging Strike 0-2: DOUBLE (Line Drive, 9LM) Tomás Estrada scores
|
Pitching: RHP Mario González
|
|
Batting: LHB Pedro Padilla
|
0-0: DOUBLE (Line Drive, 78D) Yasuhiko Onodera scores
|
Batting: RHB Luis Pineda
|
0-0: Called Strike 0-1: Foul Ball, location: 2F 0-2: Strikes out looking
|
Batting: RHB Carlos Castro
|
0-0: Ball 1-0: Called Strike 1-1: Ball 2-1: Ball 3-1: Base on Balls
|
Pitching: RHP Grant Jackson
|
|
Batting: RHB José Balina
|
0-0: Called Strike 0-1: Ball 1-1: Ball 2-1: Ball 3-1: Base on Balls Pedro Padilla to third Carlos Castro to second
|
Pitching: RHP Patrick Doyle
|
|
Batting: SHB Patrick Larson
|
0-0: Fly out, F8 (Flyball, 8LM)
|
Batting: RHB Troy Lau
|
0-0: Ball 1-0: Fly out, F9 (Flyball, 9S)
|
Bottom of the 8th over - 2 run(s), 3 hit(s), 0 error(s), 3 left on base; Cape Cod 13 - Portland 9 |
TOP OF THE 9TH |
Cape Cod Clams batting - Pitching for Portland Privateers : LHP Luke Brown
|
Batting: RHB Vern Carlton
|
0-0: Ball 1-0: Ball 2-0: Foul Ball, location: 2F 2-1: DOUBLE (Line Drive, 7LM)
|
Batting: RHB Max Jones
|
0-0: Called Strike 0-1: Ball 1-1: Called Strike 1-2: Ball 2-2: Foul Ball, location: 2F 2-2: Foul Ball, location: 2F 2-2: Ball 3-2: Strikes out swinging
|
Batting: RHB Gerald Burnett
|
0-0: Intentional Walk
|
Batting: RHB John Pick
|
0-0: SINGLE (Groundball, 56S) (infield hit) Vern Carlton to third Gerald Burnett to second
|
Batting: RHB Carlos García
|
0-0: Called Strike 0-1: Foul Ball, location: 2F 0-2: Ball 1-2: Ball 2-2: Foul Ball, location: 2F 2-2: Strikes out looking
|
Batting: RHB Andrew Good
|
0-0: Ball 1-0: Ball 2-0: Called Strike 2-1: Called Strike 2-2: Fielders Choice at 2nd, 6-4 (Groundball, 6)
|
Top of the 9th over - 0 run(s), 2 hit(s), 0 error(s), 2 left on base; Cape Cod 13 - Portland 9 |
BOTTOM OF THE 9TH |
Portland Privateers batting - Pitching for Cape Cod Clams : RHP Patrick Doyle
|
Pitching: RHP Juan Reyes
|
|
Batting: LHB Juan Acotia
|
0-0: Ball 1-0: SINGLE (Groundball, 6MD)
|
Batting: RHB Tomás Estrada
|
0-0: Foul Ball, location: 2F 0-1: Called Strike 0-2: Grounds into double play, 6-4-3 (Groundball, 6)
|
Batting: LHB Yasuhiko Onodera
|
0-0: Called Strike 0-1: Ball 1-1: SINGLE (Groundball, 34D)
|
Batting: LHB Pedro Padilla
|
0-0: Ball 1-0: Ball 2-0: Called Strike 2-1: Fly out, F9 (Flyball, 9)
|
Bottom of the 9th over - 0 run(s), 2 hit(s), 0 error(s), 1 left on base; Cape Cod 13 - Portland 9 |
|